 Dungeon Crawl Stone Soup version 0.19-a0-1886-gd64a0f0 (webtiles) character file.

228 Leibowitz the Poker (level 6, 0/47 HPs)
             Began as a Merfolk Gladiator on Oct 15, 2016.
             Was a Believer of Nemelex Xobeh.
             Slain by an orc
             ... wielding a +0 morningstar
              (6 damage)
             ... on level 3 of the Dungeon.
             The game lasted 00:07:27 (2158 turns).

Leibowitz the Poker (Merfolk Gladiator)             Turns: 2158, Time: 00:07:28

Health: 0/47       AC:  4    Str: 16    XL:     6   Next: 2%
Magic:  8/8        EV: 15    Int:  8    God:    Nemelex Xobeh [**....]
Gold:   120        SH:  0    Dex: 15    Spells: 0 memorised, 7 levels left

rFire  . . .     SeeInvis .     a - +0 trident
rCold  . . .     Gourm    .     l - +0 leather armour
rNeg   . . .     Faith    .     (no shield)
rPois  .         Spirit   .     c - +0 helmet
rElec  .         Dismiss  .     (no cloak)
rCorr  .         Reflect  .     (no gloves)
MR     .....     Harm     .     (no boots)
Stlth  +.........               (no amulet)
                                (no ring)
                                (no ring)

@: very slightly contaminated, invisible
A: change form in water, swift swim, stealthy swim
a: Renounce Religion


You were on level 3 of the Dungeon.
You worshipped Nemelex Xobeh.
Nemelex Xobeh was pleased with you.
You were not hungry.

You visited 1 branch of the dungeon, and saw 3 of its levels.

You collected 120 gold pieces.

Inventory:

Hand Weapons
 a - a +0 trident (weapon)
 b - a +2 dagger of venom
Missiles
 d - 3 throwing nets (quivered)
 p - 6 poisoned needles
Armour
 c - a +0 helmet (worn)
 l - a +0 leather armour (worn)
Jewellery
 j - an uncursed amulet of guardian spirit {unknown}
Scrolls
 e - a scroll of amnesia {unknown}
 h - a scroll of fog {unknown}
 n - 4 scrolls of identify {unknown}
 s - a scroll of remove curse {unknown}
Potions
 i - a potion of cancellation {unknown}
 k - a potion of curing {unknown}
 o - a potion of degeneration {unknown}
 q - a potion of invisibility
 r - a potion of heal wounds {unknown}
Miscellaneous
 m - a legendary deck of destruction {drawn: 1}
Comestibles
 f - 4 bread rations
 g - a meat ration


   Skills:
 * Level 3.0 Fighting
 * Level 7.1 Polearms
 + Level 2.1 Throwing
 * Level 0.8 Armour
 * Level 5.3 Dodging
 * Level 1.4 Spellcasting


You had 7 spell levels left.
You didn't know any spells.

Dungeon Overview and Level Annotations

Branches:
Dungeon (3/15)

Altars:
Kikubaaqudgha
Nemelex Xobeh


Message History

* * * LOW HITPOINT WARNING * * *
It was a potion of invisibility.
You fade into invisibility!
The orc closely misses you.
You are very lightly contaminated with residual magic.
You hit the orc.
The orc is severely wounded.
The orc closely misses you.
You closely miss the orc.
The orc is severely wounded.
You closely miss the orc.
The orc is severely wounded.
The orc closely misses you.
You hit the orc.
You kill the orc!
You closely miss the orc. The orc hits you but does no damage.
You closely miss the orc. The orc barely misses you.
You hit the orc but do no damage. The orc hits you with a morningstar.
You die...
Your body glows slightly and disappears.

############# #.##.#.††.....##
............. #.#....#....###
##.......#########.#..#.#########
.'.......'.........#....#.##.#.#.
##.......##...........#.#.#....#.
##.......##..........##.#.#....#.
.........##......######.#.#....#.
.........#####'#.# #.#.#....#.
[....##### #.#@# #.#....#.#.
.....# #[#o######.#..#<#.#.
.....# #.#o.....#.#......#.
.....#########+#......#.#....###.
.<....................'.#........
.....[................###...#####
....[[.÷..÷.................#
................##########..#
..................# #.......#


You could see 2 orcs.

Vanquished Creatures
  An orc priest (D:3)
  A hound (D:3)
  Jessica (D:2)
  An iguana (D:3)
  A hell rat (D:3)
  2 adders (D:3)
  2 worms (D:2)
  A dart slug (D:2)
  A leopard gecko (D:3)
  5 orcs (D:3)
  2 ball pythons
  5 giant cockroaches
  7 goblins
  7 hobgoblins
  4 jackals (D:2)
  6 kobolds
  9 bats
  2 frilled lizards
  4 rats
62 creatures vanquished.

Notes
Turn   | Place    | Note
-------+----------+-------------------------------------------
     0 | D:1      | Leibowitz the Merfolk Gladiator began the quest for the Orb.
     0 | D:1      | Reached XP level 1. HP: 16/16 MP: 1/1
   169 | D:1      | Reached XP level 2. HP: 21/22 MP: 2/2
   352 | D:1      | Reached skill level 5 in Polearms
   749 | D:2      | Reached XP level 3. HP: 24/27 MP: 3/3
   803 | D:2      | Found a faded altar of an unknown god.
   813 | D:2      | Became a worshipper of Nemelex Xobeh the Trickster
   813 | D:2      | Received a gift from Nemelex Xobeh
   813 | D:2      | Reached * piety under Nemelex Xobeh
   835 | D:2      | Noticed Jessica
   843 | D:2      | Killed Jessica
   849 | D:2      | Reached XP level 4. HP: 30/34 MP: 3/5
  1202 | D:2      | Found a sparkling altar of Nemelex Xobeh.
  1202 | D:2      | Found an ancient bone altar of Kikubaaqudgha.
  1353 | D:2      | Reached skill level 1 in Spellcasting
  1517 | D:3      | Reached skill level 5 in Dodging
  1565 | D:3      | Reached skill level 6 in Polearms
  1565 | D:3      | Reached XP level 5. HP: 19/39 MP: 6/6
  2052 | D:3      | Reached ** piety under Nemelex Xobeh
  2097 | D:3      | Reached skill level 7 in Polearms
  2132 | D:3      | Reached XP level 6. HP: 23/47 MP: 8/8
  2158 | D:3      | Slain by an orc

Vault maps used:
D:1:      zaba_arrival_water
D:2:      gammafunk_temple_overflow_elements, ecumenical_altar_2, first_bread,
          uniq_jessica
D:3:      grunt_ministairs_8, lightli_corner_chamber

Skill      XL: |  1  2  3  4  5 |
---------------+----------------+-----
Polearms       | 5 6 7 |  7.1
Spellcasting   | 1 |  1.4
Dodging        | 5 |  5.3
Fighting       | 3 |  3.0
Throwing       | |  2.1
Armour         | |  0.8

Action                   |  1- 3 |  4- 6 || total
-------------------------+-------+-------++-------
Melee: Trident           |    80 |   148 ||   228
       Dagger            |       |     4 ||     4
Evoke: Deck              |       |     1 ||     1
  Use: Potion            |       |     1 ||     1
 Stab: Sleeping          |     2 |       ||     2
       Distracted        |       |     1 ||     1
  Eat: Chunk             |       |     4 ||     4
Armor: Leather armour    |    31 |    26 ||    57
Dodge: Dodged            |    57 |   116 ||   173
